Crawldragon, lawful male human Archeologist -------- # ------ #.......| ------ ----|-- |.[[[[| ##|......| |....| ##......| #+.)[[[| ##|......| |....| # |.....-# ###|.][][| --------------- # |......| |....|### |.....| # .[[[[| |.............| # |......| |.{..|# |.....-##### )[[[| |............`| # |......| |.....# -.----- # ----- |.............-##### # --|----- |..<)| # ### ---|----------- # # #### -.--.- # # # #### # # # # ### # %# #B# #### # # ## ### @ # # # --|------ ## ####%# ##### ### # |........ ########----.-)----- # # # |.......| ------# # |....f.....| ---.-# |........#####.....|# ###|..........| |....# --------- |....|# #-..........| |...| |...^.# ------------ |...| ------ ----- Crawldragon the Field Worker Experience level: 3 Strength: 14 Dexterity: 7 Constitution: 11 Intelligence: 12 Wisdom: 17 Charisma: 15 Health: 0(25) Energy: 15(15) Def: 1 Gold: 91 Moves: 1650 Dungeon seed: HY7H_IUeqM6Ijlme Game ID: Crawldragon_1496287457 Your Inventory: Coins $ - 91 gold pieces Weapons a - an uncursed +2 bullwhip (alternate weapon; not wielded) k - 33 uncursed +0 darts (in quiver) m - an uncursed +0 long sword o - an uncursed +0 voulge Armor e - an uncursed +0 leather jacket (being worn) n - an uncursed +0 fedora (being worn) r - an uncursed +0 orcish helm Comestibles b - 5 uncursed food rations Scrolls h - 2 uncursed scrolls of teleportation s - a cursed scroll of identify Spellbooks j - an uncursed spellbook of jumping Potions i - an uncursed potion of water Tools c - an uncursed oil lamp (0:1292) d - an uncursed +0 pick-axe (weapon in hand) f - an uncursed tinning kit (0:82) g - an uncursed sack Gems q - an uncursed touchstone Contents of the sack: 496 gold pieces Spells and supernatural/magical abilities: Name Level Category Fail Memory W - pray for help -- divine ? -- Your skills at the end: Fighting Skills wands [Basic] Weapon Skills pick-axe [Basic] whip [Basic] Spellcasting Skills Final Attributes: You were piously aligned. You were stealthy. You were fast. You are dead. Vanquished creatures: a shrieker a little dog a kobold lord 2 iguanas a coyote 4 giant rats a cave spider 3 geckos 3 jackals 2 foxes 3 goblins 5 sewer rats 3 grid bugs a bat 4 lichens 2 newts 37 creatures vanquished. Voluntary challenges: You were an atheist. You used a wielded weapon 43 times, starting on turn 24. You were illiterate. You never genocided any monsters. You never polymorphed an object. You never changed form. You used no wishes. You never split a pudding. You never wrote Elbereth's name. You never violated your personal moral code. Dungeon overview: The Dungeons of Doom: levels 1 to 4 Level 1 a long staircase Level 2 a weapon shop Level 3 a long staircase Level 4 <- You were here an armor shop, a fountain History has recorded: On T:1 you entered the Dungeons of Doom to retrieve the Amulet of Yendor! On T:215 you reached level 2 of The Dungeons of Doom. On T:398 you advanced to experience level 2. On T:755 you reached level 3 of The Dungeons of Doom. On T:904 you advanced to experience level 3. On T:1095 you reached level 4 of The Dungeons of Doom. Score breakdown: Gold: 587 ( 9420 points) Experience: 3 levels ( 7878 points) Exploration: 4 levels ( 8.16%) ( 7500 points) Discoveries: 3 items ( 1.00%) ( 3000 points) Valuables value: (no points given unless you survive) Artifact value: 0 ( 0 points) Variety of kills: 16 monsters ( 4.18%) ( 6131 points) Turncount: 1650 turns ( 0 points) Survival: died (score multiplied by 80%) Total score: 27143 Latest messages: You kill the goblin! There are a few objects here. You have a little trouble lifting b - an uncursed food ration. Seb drops a crude dagger. You miss the iguana. You hit the iguana. The iguana bites! You miss the iguana. (2x) The iguana bites! You miss the iguana. (2x) The iguana bites! You hit the iguana. The iguana bites! You hit the iguana! You kill the iguana! You see here an iguana corpse. The giant bat bites! You miss the giant bat. You hit the giant bat. The giant bat bites! (3x) You die... Final status: Goodbye Crawldragon the Archeologist, killed by a giant bat... You died in The Dungeons of Doom on dungeon level 4 with 27143 points, and 587 pieces of gold, after 1650 moves. You were level 3 with a maximum of 25 hit points when you died.